 Dungeon Crawl Stone Soup version 0.28.0 (webtiles) character file.

Game seed: 2030731671954254867

2001 zeram the Covert (level 9, -3/56 HPs)
             Began as an Octopode Enchanter on Feb 14, 2022.
             Was an Initiate of Gozag.
             Slain by a sky beast (5 damage)
             ... on level 6 of the Dungeon.
             The game lasted 00:09:17 (6263 turns).

zeram the Covert (Octopode Enchanter)               Turns: 6263, Time: 00:09:18

Health: -3/56      AC:  1    Str:  7    XL:     9   Next: 22%
Magic:  12/12      EV: 22    Int: 22    God:    Gozag
Gold:   506        SH:  5    Dex: 12    Spells: 7/12 levels left

rFire   + . .      SeeInvis .   a - +2 dagger (protect)
rCold   . . .      Faith    .   (no shield)
rNeg    . . .      Spirit   .   m - +0 hat
rPois   .          Reflect  +   l - amulet of Wuenamn {Reflect Rampage SH+5}
rElec   .          Harm     .   f - +4 ring of evasion
rCorr   .          Rampage  +   g - ring of protection from fire
Will    .....                   p - +4 ring of slaying
Stlth   +++++.....              v - +4 ring of evasion
HPRegen 0.18/turn               (no ring)
MPRegen 0.13/turn               (no ring)
                                (no ring)
                                (no ring)

@: no status effects
A: almost no armour, amphibious, 8 rings, camouflage 1, gelatinous body 1,
(nimble swimmer 1), tentacles
a: Renounce Religion, Potion Petition, Call Merchant, Bribe Branch


You were on level 6 of the Dungeon.
You worshipped Gozag.
Gozag was pleased with you.
You visited 2 branches of the dungeon, and saw 7 of its levels.

You collected 570 gold pieces.
You paid 64 gold pieces to Gozag.

Inventory:

Hand Weapons
 a - a +2 dagger of protection (weapon)
 u - a +2 vampiric dagger
Missiles
 h - a throwing net (quivered)
Armour
 m - a +0 hat (worn)
Jewellery
 f - a +4 ring of evasion (left tentacle)
 g - a ring of protection from fire (right tentacle)
 l - the amulet of Wuenamn (around mantle) {Reflect Rampage SH+5}
   (You acquired it on level 3 of the Dungeon)

   [amulet of reflection]

   It reflects blocked missile attacks.
   SH:        It affects your SH (+5).
   Rampage:   It bestows one free step when moving towards enemies.
 p - a +4 ring of slaying (on tentacle)
 v - a +4 ring of evasion (on tentacle)
Wands
 b - a wand of flame (9)
 t - a wand of mindburst (3)
Scrolls
 n - a scroll of magic mapping
Potions
 c - a potion of cancellation {unknown}
 d - a potion of curing {unknown}
 e - 2 potions of attraction
 i - 2 potions of mutation
 j - a potion of brilliance {unknown}
 k - a potion of resistance {unknown}
 o - a potion of heal wounds {unknown}
 s - a potion of might {unknown}


   Skills:
 + Level 3.1 Fighting
 + Level 6.2 Short Blades
 + Level 4.7 Dodging
 + Level 10.8 Stealth
 + Level 2.8 Shields
 + Level 2.3 Spellcasting
 + Level 3.4 Hexes
 + Level 1.2 Evocations


You had 7 spell levels left.
You knew the following spells:

 Your Spells              Type           Power      Damage    Failure   Level
a - Ensorcelled Hibernat  Hex/Ice        20%        N/A       10%         2
b - Tukima's Dance        Hex            17%        N/A       10%         3

Your spell library contained the following spells:

 Spells                   Type           Power      Damage    Failure   Level
 Confusing Touch          Hex            17%        N/A       10%         3
 Sublimation of Blood     Necr           2%         N/A       21%         2
 Wereblood                Tmut           2%         N/A       21%         2
 Dazzling Flash           Conj/Hex       20%        N/A       21%         3
 Summon Hydra             Summ           1%         N/A       100%        7


Dungeon Overview and Level Annotations

Branches:
Dungeon (6/15)             Temple (1/1) D:4

Altars:
Ashenzari
Cheibriados
Dithmenos
Elyvilon
Fedhas
Gozag
Hepliaklqana
Kikubaaqudgha
Makhleb
Nemelex Xobeh
Okawaru
Qazlal
Ru
Trog
Uskayaw
Zin
The Shining One

Annotations:
D:5 1 transporter


Innate Abilities, Weirdness & Mutations

You cannot wear most types of armour.
You are amphibious.
You can wear up to eight rings at the same time.
Your skin changes colour to match your surroundings (Stealth+).
Your rubbery body absorbs attacks. (AC +1, EV +1)
((You are camouflaged when in or above water. (Stealth+)))
You have tentacles for arms and can constrict up to eight enemies at once.


Message History

You start resting.
A sky beast is nearby!
Okay, then.
The sky beast hits you.
* * * LOW HITPOINT WARNING * * *
The sky beast shocks you.
* * * LOW HITPOINT WARNING * * *
You hit the sky beast.
Your weapon exudes an aura of protection.
You squeeze the sky beast.
The sky beast is lightly wounded.
You hit the sky beast. Your squeeze misses the sky beast.
The sky beast is moderately wounded.
The sky beast completely misses you.
You hit the sky beast.
The sky beast is moderately wounded.
The sky beast hits you but does no damage.
You closely miss the sky beast.
The sky beast is moderately wounded.
You block the sky beast's attack.
You puncture the sky beast!
The sky beast is severely wounded.
You closely miss the sky beast.
The sky beast is severely wounded.
The sky beast flickers out of sight!
Deactivating autopickup; reactivate with Ctrl-A.
You block something's attack.
You miss something. Something hits you but does no damage.
You barely miss something. You squeeze something. You miss something.
Something closely misses you.
v - a +4 ring of evasion (on tentacle)
Something hits you.
* * * LOW HITPOINT WARNING * * *
Something shocks you.
* * * LOW HITPOINT WARNING * * *
Something hits you.
* * * LOW HITPOINT WARNING * * *
Something shocks you.
You die...
Your body crumbles into a pile of gold.

#.......##..... ... #
##......#....# ..
..##.##.....# ...# .##
.......#...)))# ..#
..##...).......).)###..#
..................##...####
...##.......................
..## #................###...
...# #..........@......# .
...# #.......####..#...#
...## #.......# #.##.#.###.
....###.......## #.##.#.....
...............###..#.#.....
#....##...##...#...........
#.........###...)....... .
......>...#.###)......# ...
............##)).....## ....


There were no monsters in sight!

Vanquished Creatures
  Grinder (D:3)
  Sigmund (D:5)
  Eustachio (D:5)
  Menkaure (D:4)
  An ice beast (D:6)
  A necrophage (D:6)
  2 ogres
  Blork the orc (D:5)
  A wyvern zombie (D:5)
  A water moccasin zombie (D:5)
  A scorpion (D:6)
  A howler monkey (D:5)
  3 hounds
  A gnoll shaman (D:5)
  4 orc priests (D:6)
  A jelly (D:5)
  A centaur skeleton (D:6)
  Jessica (D:3)
  4 iguanas
  2 orc wizards
  A scorpion zombie (D:5)
  A hound zombie (D:5)
  A howler monkey zombie (D:5)
  5 gnolls
  7 adders
  A white imp (D:6)
  2 adder skeletons (D:4)
  3 worms (D:3)
  5 dart slugs
  19 orcs
  6 ball pythons (D:2)
  3 bats
  5 endoplasms
  A giant cockroach (D:1)
  6 goblins
  12 hobgoblins
  7 jackals
  6 kobolds
  2 quokkas
  4 frilled lizards
  9 rats
136 creatures vanquished.

Vanquished Creatures (others)
  A ball python (D:3)
1 creature vanquished.

Grand Total: 137 creatures vanquished

Notes
Turn   | Place    | Note
-------+----------+-------------------------------------------
     0 | D:1      | zeram the Octopode Enchanter began the quest for the Orb.
     0 | D:1      | Reached XP level 1. HP: 11/11 MP: 3/3
   595 | D:1      | Reached XP level 2. HP: 17/17 MP: 5/5
   736 | D:1      | Learned a level 2 spell: Ensorcelled Hibernation
   897 | D:1      | Found a faded altar of an unknown god.
   902 | D:1      | Reached XP level 3. HP: 21/21 MP: 6/6
  1626 | D:2      | Learned a level 3 spell: Tukima's Dance
  2029 | D:3      | Reached XP level 4. HP: 27/27 MP: 7/7
  2393 | D:3      | Noticed Jessica
  2401 | D:3      | Killed Jessica
  2402 | D:3      | Reached skill level 5 in Stealth
  2583 | D:3      | Reached XP level 5. HP: 32/32 MP: 8/8
  2594 | D:3      | Noticed Grinder
  2607 | D:3      | HP: 1/32 [Grinder (6)]
  2609 | D:3      | Killed Grinder
  2610 | D:3      | Reached skill level 1 in Fighting
  2610 | D:3      | Reached skill level 6 in Stealth
  2610 | D:3      | Reached XP level 6. HP: 1/38 MP: 9/9
  3338 | D:3      | Identified a scroll of acquirement
  3338 | D:3      | Acquired the amulet of Wuenamn {Reflect Rampage SH+5}
  3620 | D:4      | Found a staircase to the Ecumenical Temple.
  3859 | D:3      | Reached skill level 7 in Stealth
  3859 | D:3      | Reached XP level 7. HP: 25/44 MP: 10/10
  4004 | D:4      | Noticed Menkaure
  4012 | D:4      | Killed Menkaure
  4207 | Temple   | Entered the Ecumenical Temple
  4525 | D:5      | Entered Level 5 of the Dungeon
  4554 | D:5      | Found a bloodstained altar of Trog.
  4554 | D:5      | Found an opulent altar of Gozag.
  4561 | D:5      | Became a worshipper of Gozag Ym Sagoz the Greedy
  4597 | D:5      | Reached skill level 8 in Stealth
  4678 | D:5      | Found a sparkling altar of Nemelex Xobeh.
  4678 | D:5      | Found a transporter.
  4680 | D:5      | Noticed a wraith
  4947 | D:5      | Noticed Blork the orc
  4955 | D:5      | Killed Blork the orc
  4956 | D:5      | Reached skill level 5 in Short Blades
  4956 | D:5      | Reached XP level 8. HP: 51/51 MP: 11/11
  5051 | D:5      | Reached skill level 1 in Shields
  5054 | D:5      | Reached skill level 9 in Stealth
  5286 | D:5      | Noticed Eustachio
  5310 | D:5      | Killed Eustachio
  5360 | D:5      | Noticed Sigmund
  5364 | D:5      | Killed Sigmund
  5469 | D:5      | Found an iron altar of Okawaru.
  5775 | D:5      | Reached skill level 10 in Stealth
  5825 | D:6      | Reached skill level 1 in Evocations
  6094 | D:6      | Reached XP level 9. HP: 56/56 MP: 12/12
  6263 | D:6      | HP: 2/56 [something (1)]
  6263 | D:6      | Slain by a sky beast

Illustrated notes

Levels and vault maps discovered:
D:1:      amcnicky_arrival_choice, layout_rooms,
          dreamdust_ecumenical_altar_angels_and_demons
D:2:      layout_loops_corners
D:3:      layout_loops_corners, kennysheep_small_spiral, st_stairs_9,
          uniq_grinder, uniq_jessica
D:4:      layout_rooms, temple_pool_b, uniq_menkaure
D:5:      layout_cave_pools, gammafunk_temple_overflow_pools,
          okawaru_altar_gauntlet_db, grunt_nemelex_the_gamble, st_stairs_10,
          uniq_eustachio, uniq_sigmund, uniq_blork_the_orc
D:6:      layout_cave_pools
Temple:   oiseaux_autumnal_temple

Skill      XL: |  1  2  3  4  5  6  7  8 |
---------------+-------------------------+-----
Short Blades   | 2 3 4 5 6 |  6.2
Stealth        | 5 6 7 8 10 | 10.8
Fighting       | 1 2 3 |  3.1
Dodging        | 3 4 |  4.7
Shields        | 2 |  2.8
Evocations     | 1 |  1.2
Spellcasting   | |  2.3
Hexes          | |  3.4

Action                   |  1- 3 |  4- 6 |  7- 9 || total
-------------------------+-------+-------+-------++-------
Melee: Dagger            |    78 |    87 |   212 ||   377
       Tentacles         |    17 |    21 |    70 ||   108
       Punch             |     3 |     1 |     3 ||     7
       Constrict         |    18 |    18 |    38 ||    74
Evoke: Wand              |       |       |     4 ||     4
  Use: Scroll            |     6 |     5 |     4 ||    15
       Potion            |       |     1 |       ||     1
 Stab: Sleeping          |    10 |    12 |     9 ||    31
       Distracted        |       |     1 |     3 ||     4
Armor: Skin              |     2 |     6 |    26 ||    34
Dodge: Dodged            |    50 |    48 |   111 ||   209
Block: Other             |       |     6 |    38 ||    44
       Reflection        |       |       |     1 ||     1
